 Dungeon Crawl Stone Soup version 0.14-a0-2759-g5bb4bfe (webtiles) character file.

352 Quh the Ruinous (level 5, -5/28 HPs)
             Began as a Deep Elf Conjurer on Feb 23, 2014.
             Slain by an ogre
             ... wielding a +0,+0 giant club
              (6 damage)
             ... on Level 3 of the Dungeon.
             The game lasted 00:15:57 (2640 turns).

Quh the Ruinous (Deep Elf Conjurer)                 Turns: 2640, Time: 00:15:58

HP  -5/28        AC  3     Str  6      XL: 5   Next: 82%
MP  16/16        EV 13     Int 20      God:
Gold 110         SH  0     Dex 15      Spells:  2 memorised,  7 levels left

rFire  . . .     SeeInvis .     f - +3,+0 elf dagger
rCold  . . .     Clarity  .     a - +0 elf robe
rNeg   . . .     Conserve .     (no shield)
rPois  .         rCorr    .     (no helmet)
rElec  .         rRot     .     (no cloak)
SustAb . .       Spirit   .     (no gloves)
rMut   .         Warding  .     i - +0 pair of boots
Saprov . . .     Stasis   .     (no amulet)
MR     .....                    (no ring)
                                (no ring)

@: not resistant to hostile enchantments, fairly stealthy
A: no striking features
a: no special abilities


You were on level 3 of the Dungeon.
You were hungry.

You visited 1 branch of the dungeon, and saw 4 of its levels.

You collected 110 gold pieces.

Inventory:

Hand weapons
 f - a +3,+0 elven dagger (weapon)
 y - a +2,+0 orcish dagger of draining
Armour
 a - a +0 elven robe (worn)
 i - a +0 pair of boots (worn)
Comestibles
 b - 2 bread rations
 d - a choko
 p - a snozzcumber
 s - a pear
 v - a slice of pizza
 C - 3 rotting chunks of hobgoblin flesh
Scrolls
 e - a scroll of enchant weapon I
 g - a scroll of enchant weapon II {unknown}
 h - 2 scrolls of recharging {unknown}
 m - 3 scrolls of remove curse {unknown}
 n - a scroll of enchant armour {unknown}
 o - a scroll of noise
 q - 2 scrolls of immolation
 r - 2 scrolls of teleportation
Potions
 k - a potion of agility
 l - a potion of heal wounds {unknown}
 u - a potion of speed {unknown}
 w - a potion of brilliance {unknown}
 x - a potion of curing {unknown}
Books
 c - a book of Conjurations

   Spells                             Type                      Level
   *Magic Dart                        Conjuration                  1
   *Searing Ray                       Conjuration                  2
   Dazzling Spray                     Conjuration/Hexes            3
   Fulminant Prism                    Conjuration/Hexes            4
   Iskenderun's Mystic Blast          Conjuration                  4
   Iskenderun's Battlesphere          Conjuration/Charms           5


   Skills:
 - Level 2.4 Dodging
 - Level 2.6 Stealth
 - Level 3.2 Spellcasting
 * Level 7.7 Conjurations


You had 7 spell levels left.
You knew the following spells:

 Your Spells              Type           Power        Failure   Level  Hunger
a - Magic Dart            Conj           ####         1%          1    None
b - Searing Ray           Conj           ####..       1%          2    ##.....


Dungeon Overview and Level Annotations

Branches:
Dungeon (4/16)
 Temple: D:4-7

Altars:
Elyvilon
Zin
The Shining One

Annotations:
D:4 Dowan, Duvessa


Message History

The ogre hits you but does no damage.
You are feeling hungry.
Casting: Magic Dart
Confirm with . or Enter, or press ? or * to list all spells.
Aiming: Searing Ray
Press: ? - help, Shift-Dir - straight line, f/p - ogre
Aim: an ogre, wielding a giant club (lightly wounded)
The searing ray hits the ogre.
The ogre is moderately wounded.
Things that are here:
an orcish whip; a club You see here an orcish club.
Casting: Searing Ray
Confirm with . or Enter, or press ? or * to list all spells.
Okay, then.
The ogre hits you with a giant club!
* * * LOW HITPOINT WARNING * * *
There is an open door here.
You open the door. The ogre hits you with a giant club.
You die...

.#.....##.......##....# #....
.#...#.##.#..)..##....# #....
##...#....#.#.........# #.###
#..........#.....)...# #.#
##...#.######.........#######.#
...)..................##....#.###
....##.#######...##'####.#.##.#..
...)##.#######...##.###....##.#)#
....+...<....'.O@'............<>.
....##......##...##..............
....##......##..)######..####....
............##...#.#......# #.##.
............##.###.#.####.# #.##.
####......####.......##...# #.###
#......# #.###.####.### #.#
######## #....###...# #.#
#######.# #.### #.#


You could see an ogre.

Vanquished Creatures
  The ghost of TZer0 the Digger, an average LOEE (D:3)
  An orc wizard (D:3)
  Ijyb (D:2)
  An adder (D:3)
  A giant mite (D:3)
  A giant gecko (D:1)
  An ooze (D:2)
  3 orcs (D:3)
  13 goblins
  11 hobgoblins
  3 jackals (D:1)
  A quokka (D:2)
  5 bats
  A giant newt (D:1)
  2 kobolds (D:1)
  8 rats
54 creatures vanquished.

Notes
Turn   | Place    | Note
--------------------------------------------------------------
     0 | D:1      | Quh, the Deep Elf Conjurer, began the quest for the Orb.
     0 | D:1      | Reached XP level 1. HP: 10/10 MP: 5/5
   151 | D:1      | Reached XP level 2. HP: 15/15 MP: 4/8
   156 | D:1      | Learned a level 2 spell: Searing Ray
   236 | D:1      | Reached skill level 5 in Conjurations
   708 | D:1      | Reached XP level 3. HP: 19/19 MP: 9/11
  1176 | D:2      | Noticed Ijyb
  1269 | D:2      | Killed Ijyb
  1479 | D:2      | Found a glowing golden altar of the Shining One.
  1481 | D:2      | Found a white marble altar of Elyvilon.
  1491 | D:2      | Found a glowing silver altar of Zin.
  1877 | D:3      | Noticed TZer0's ghost (average LOEE)
  1925 | D:3      | Killed TZer0's ghost
  1925 | D:3      | Reached skill level 7 in Conjurations
  1925 | D:3      | Reached XP level 4. HP: 16/24 MP: 0/13
  1925 | D:3      | Reached XP level 5. HP: 18/28 MP: 0/16
  2548 | D:4      | Noticed Duvessa
  2548 | D:4      | Noticed Dowan
  2548 | D:4      | Noticed an ogre
  2633 | D:3      | HP: 1/28 [ogre/giant club (11)]
  2640 | D:3      | Slain by an ogre

Action                   |  1- 3 |  4- 6 || total
-------------------------+-------+-------++-------
Melee: Dagger            |     2 |       ||     2
 Cast: Magic Dart        |    90 |    24 ||   114
       Searing Ray       |     9 |     6 ||    15
  Use: Scroll            |     5 |     4 ||     9
